AoeStats
← gnitaek

QS Arena

503234078Analyzed
3v3 RM · 1mo ago on Aug 30, 2026· 36m 34s· 6 players
Game mode
Random Map
Map size
Normal (6 player)
Population
200
Speed
Normal
Resources
Standard
Victory
Conquest
Starting age
Dark Age
Ending age
Imperial Age
RankedLock teamsTeams togetherTeam positionsShared explorationLock speedFull tech treeHidden civsTurbo modeCheats
Victory
Defeat
🇮🇪 Georgians · Ireland
1264
+13
🇮🇪 Huns · Ireland
1218
+15
🇮🇪 Gurjaras · Ireland
1179
+17
🇧🇷 Saracens · Brazil
1279
-19
🇧🇷 Portuguese · Brazil
1161
-13
🇧🇷 Wu · Brazil
1139
-12
Runtime
8:15 Feudal Age
12:22 Castle Age
16:37 Scale Barding Armor
19:20 Loom
28:28 Bloodlines
33:21 Imperial Age
gnitaek
2:40 Loom
9:03 Feudal Age
9:47 Double-Bit Axe
12:52 Castle Age
11:50 Horse Collar
15:35 Bow Saw
15:27 Heavy Plow
25:25 Wheelbarrow
27:06 Sanctity
28:33 Hand Cart
32:51 Bloodlines
33:22 Forging
33:18 Scale Barding Armor
berserker-latko
7:57 Feudal Age
9:33 Loom
12:41 Castle Age
11:10 Double-Bit Axe
15:09 Scale Barding Armor
17:59 Horse Collar
20:54 Fletching
21:42 Bow Saw
24:35 Wheelbarrow
24:27 Bodkin Arrow
25:10 Gold Mining
26:53 Thumb Ring
27:49 Chain Barding Armor
27:54 Forging
29:10 Padded Archer Armor
32:47 Imperial Age
31:06 Masonry
33:35 Ballistics
32:55 Heavy Cavalry Archer
33:37 Bracer
34:23 Leather Archer Armor
34:55 Parthian Tactics
36:38 Chemistry
36:50 Plate Barding Armor
paulo.butori
2:40 Loom
7:49 Feudal Age
14:09 Castle Age
19:34 Double-Bit Axe
23:03 Bloodlines
22:59 Husbandry
24:00 Wheelbarrow
24:16 Bow Saw
23:49 Horse Collar
25:26 Fletching
26:55 Murder Holes
27:21 Ballistics
37:18 Imperial Age
35:51 Elite Skirmisher
ZeDjalma_85
7:13 Feudal Age
11:37 Castle Age
10:51 Loom
21:22 Forging
23:33 Wheelbarrow
25:17 Stone Mining
26:20 Iron Casting
30:09 Imperial Age
30:26 Scale Barding Armor
32:24 Blast Furnace
33:44 Chain Barding Armor
jbjr10
6:45 Loom
9:18 Feudal Age
10:11 Double-Bit Axe
13:30 Castle Age
11:16 Horse Collar
16:47 Bow Saw
27:30 Loom
30:14 Wheelbarrow
30:03 Town Watch
Connection lost

Rejoining the realm…

Still unreachable

The connection could not be restored.

Session expired

The server has moved on; the page needs a fresh start.